 Dungeon Crawl Stone Soup version 0.31-a0-978-g1e143483b6 (webtiles) character file.

Game seed: 10638958111030344467

63 gelatine the Chopper (level 3, -2/27 HPs)
             Began as a Demonspawn Gladiator on Oct 30, 2023.
             Slain by Jessica
             ... wielding a +0 club
              (3 damage)
             ... on level 2 of the Dungeon.
             The game lasted 00:03:12 (1158 turns).

gelatine the Chopper (Demonspawn Gladiator)         Turns: 1158, Time: 00:03:14

Health: -2/27      AC:  8    Str: 15 (16) XL:     3   Next: 87%
Magic:  3/3        EV: 12    Int:  7 (9)  God:
Gold:   133        SH:  0    Dex: 13 (14) Spells: 2/2 levels left

rFire   . . .        (no weapon)
rCold   . . .        (no shield)
rNeg    . . .        b - +0 leather armour
rPois   .            c - +0 helmet
rElec   .            (no cloak)
rCorr   .            (no gloves)
SInv    .            (no boots)
Will    .....        (no amulet)
Stlth   +            f - +4 ring of protection
HPRegen 0.24/turn    (no ring)
MPRegen 0.16/turn

%: no passive effects
@: no status effects
A: claws 1, magic regeneration
a: no special abilities


You were on level 2 of the Dungeon.
You visited 1 branch of the dungeon, and saw 2 of its levels.

You collected 133 gold pieces.

Inventory:

Hand Weapons
 a - a +0 war axe
Missiles
 d - 2 throwing nets
 e - a javelin
 h - 23 stones (quivered)
Armour
 b - a +0 leather armour (worn)
 c - a +0 helmet (worn)
Jewellery
 f - a +4 ring of protection (left claw)
Scrolls
 g - 2 scrolls of identify {unknown}
 j - a scroll of teleportation {unknown}
 k - a scroll of vulnerability {unknown}
Potions
 l - a potion of attraction {unknown}


   Skills:
 * Level 2.2 Fighting
 + Level 3.3 Axes
 + Level 1.9 Throwing
 + Level 0.7 Armour
 + Level 3.3 Dodging
 * Level 0.9 Unarmed Combat


You had 2 spell levels left.
You didn't know any spells.
Your spell library contained the following spells:

 Spells                   Type           Power      Damage    Failure   Level
 Dazzling Flash           Conj/Hex       0%         N/A       86%         3
 Volatile Blastmotes      Fire/Tloc      0%         2d10      86%         3
 Starburst                Conj/Fire      0%         6d3       100%        6
 Maxwell's Capacitive Co  Air            0%         ∞         100%        8


Dungeon Overview and Level Annotations

Branches:
Dungeon (2/15)

Altars:

Annotations:
D:2 Jessica


Innate Abilities, Weirdness & Mutations

You have sharp fingernails.
You regenerate magic rapidly.


Message History

There is an open door here.
Jessica shouts!
Jessica casts a spell.
Jessica seems to speed up.
Jessica hits you with a +0 club. x2
You scratch Jessica.
Jessica is moderately wounded.
Jessica closely misses you.
You scratch Jessica but do no damage.
Jessica is moderately wounded.
Jessica misses you. The quokka closely misses you.
Jessica hits you but does no damage.
You scratch Jessica but do no damage.
Jessica is moderately wounded.
The quokka bites you. Jessica hits you but does no damage.
You scratch Jessica but do no damage.
Jessica is moderately wounded.
Jessica barely misses you. The quokka barely misses you.
Jessica points at you and mumbles some strange words.
Pain shoots through your body!
You scratch Jessica.
Jessica is severely wounded.
The quokka bites you but does no damage.
Jessica barely misses you. The quokka bites you.
You closely miss Jessica.
Jessica is severely wounded.
Jessica closely misses you. The quokka misses you.
Jessica hits you with a +0 club!
* * * LOW HITPOINT WARNING * * *
You scratch Jessica.
Jessica is severely wounded.
Jessica closely misses you.
The quokka bites you but does no damage.
It was a potion of degeneration.
There was something very wrong with that liquid.
You feel weakened.
You feel dopey.
You feel clumsy. Jessica hits you with a +0 club.
* * * LOW HITPOINT WARNING * * *
The quokka closely misses you. Jessica hits you with a +0 club.
You die...

#........# #.##.....#
##.#.####.########.##.....####
#.............................
#.)#.##.#.#........########...
####..####.#........### #...
......#<...#..##'##...# #...
###..######..##...##..# ######...
##...........#.....#..###...##...
...#.######..#!.@.:#..'.'....+...
.###.#.......#?.@r.#..###...##...
.# #.#.####..##...##..# #...##...
.###.#.# ##..#####...# #...#####
>......## #..........# #...#
##.#.#..# #..........# #...#
#.#.#..# #....#.########### #
#.#.#..####.##.#.........# ###
#.#.#........#.#^........# #.†


You could see Jessica (fast) and a quokka.

Vanquished Creatures
  2 adders (D:2)
  7 ball pythons
  2 bats (D:1)
  7 goblins
  6 hobgoblins
  4 jackals (D:1)
  A quokka (D:1)
  A frilled lizard (D:1)
  4 kobolds
  5 rats
39 creatures vanquished.

Notes
Turn   | Place    | Note
-------+----------+-------------------------------------------
     0 | D:1      | gelatine the Demonspawn Gladiator began the quest for the
                  | Orb.
     0 | D:1      | Reached XP level 1. HP: 16/16 MP: 1/1
   166 | D:1      | Gained mutation: You have sharp fingernails. [demonic
                  | ancestry]
   166 | D:1      | Reached XP level 2. HP: 22/22 MP: 2/2
   468 | D:1      | Gained mutation: You regenerate magic rapidly. [demonic
                  | ancestry]
   468 | D:1      | Reached XP level 3. HP: 27/27 MP: 3/3
   774 | D:2      | Identified the of Duer
  1146 | D:2      | Noticed Jessica
  1158 | D:2      | HP: 1/27 [Jessica/+0 club (2)]
  1158 | D:2      | Slain by Jessica

Illustrated notes

Levels and vault maps discovered:
D:1:      heliophobic_arrival_dark_side_of_the_moon, layout_basic,
          grunt_decor_resistance, chequers_jeans, bh_walls_and_bars
D:2:      layout_basic, kennysheep_jessica_study

Skill      XL: |  1  2 |
---------------+-------+-----
Axes           | 3 |  3.3
Dodging        | 3 |  3.3
Fighting       | |  2.2
Throwing       | |  1.9
Armour         | |  0.7
Unarmed Combat | |  0.9

Action                     || total
---------------------------++-------
  Melee: War axe           ||    26
         Unarmed           ||   136
  Throw: Throwing net      ||     2
         Stone             ||     2
    Use: Potion            ||     1
 Armour: Leather armour    ||   103
  Dodge: Dodged            ||   140

Table legend: (Time is in decaauts)
 A = Elapsed time spent in this place.
 B = Non-inter-level travel time spent in this place.
 C = Inter-level travel time spent in this place.
 D = Time resting spent in this place.
 E = Time spent auto-exploring this place.
 F = Levels seen in this place.
 G = Mean time per level.
                   A        B        C        D        E       F      G
               +--------+--------+--------+--------+--------+-----+--------+
         Total |   1165 |   1104 |     61 |      0 |    735 |   2 |  582.5 |
       Dungeon |   1165 |   1104 |     61 |      0 |    735 |   2 |  582.5 |
               +--------+--------+--------+--------+--------+-----+--------+

Top non-repeatable levels by time:
     D:1: 782 daAuts
     D:2: 382 daAuts
